 Dungeon Crawl Stone Soup version 0.24-a0-784-g601f8f6d22 (webtiles) character file.

Game seed: 12757399482025763422, levelgen mode: deterministic

170 Arixos the Sneak (level 5, -1/29 HPs)
             Began as a Vampire Enchanter on Oct 9, 2019.
             Slain by Natasha (6 damage)
             ... on level 3 of the Dungeon.
             The game lasted 00:10:30 (3383 turns).

Arixos the Sneak (Vampire Enchanter)                Turns: 3383, Time: 00:10:32

Health: -1/29      AC:  3    Str:  5 (7)  XL:     5   Next: 25%
Magic:  1/8        EV: 13    Int: 15 (17) God:
Gold:   78         SH:  0    Dex: 14 (16) Spells: 3/9 levels left

rFire    . . .     SeeInvis +   a - +1 dagger
rCold    + + .     Gourm    .   (no shield)
rNeg     + + +     Faith    .   b - +0 robe
rPois    ∞         Spirit   .   n - +0 helmet
rElec    .         Reflect  .   (no cloak)
rCorr    .         Harm     .   (no gloves)
MR       .....                  (no boots)
Stlth    +++++.....             (no amulet)
HPRegen  0.00/turn              (no ring)
MPRegen  0.11/turn              (no ring)

@: bloodless, regenerating quickly, slowed, very slow
A: no food, fangs 3, see invisible, unbreathing
a: Bat Form, Revivify


You were on level 3 of the Dungeon.
You were bloodless.

You visited 1 branch of the dungeon, and saw 3 of its levels.

You collected 78 gold pieces.

Inventory:

Hand Weapons
 a - a +1 dagger (weapon)
Armour
 b - a +0 robe (worn)
 n - a +0 helmet (worn)
Scrolls
 d - 5 scrolls of identify
 e - a scroll of fear {unknown}
 f - 2 scrolls of fog
 g - a scroll of enchant weapon {unknown}
 h - 4 scrolls of teleportation
 i - a scroll of immolation {unknown}
 k - a scroll of magic mapping {unknown}
 o - a scroll of blinking
 p - 2 scrolls of remove curse
 q - a scroll of amnesia {unknown}
Potions
 c - a potion of magic {unknown}
 j - 2 potions of heal wounds {unknown}
 l - a potion of flight {unknown}
 m - 4 potions of degeneration {unknown}


   Skills:
 + Level 1.5 Fighting
 + Level 2.2 Short Blades
 + Level 3.0 Dodging
 + Level 5.4 Stealth
 + Level 2.5 Spellcasting
 + Level 5.4 Hexes
 + Level 1.3 Ice Magic


You had 3 spell levels left.
You knew the following spells:

 Your Spells              Type           Power        Failure   Level  Hunger
a - Ensorcelled Hibernat  Hex/Ice        ##....       8%          2    N/A
b - Corona                Hex            ###....      2%          1    N/A
c - Confuse               Hex            ###.....     7%          3    N/A

Your spell library contained the following spells:

 Spells                   Type           Power        Failure   Level  Hunger
 Tukima's Dance           Hex            ###.....     7%          3    N/A
 Dazzling Spray           Conj/Hex       ##....       21%         3    N/A

Dungeon Overview and Level Annotations

Branches:
Dungeon (3/15)

Altars:

Annotations:
D:3 Natasha


Innate Abilities, Weirdness & Mutations

You do not eat.
You do not regenerate when monsters are visible.
You are frail without blood (-20% HP).
You are immune to poison.
You have razor-sharp teeth.
You have supernaturally acute eyesight. (SInv)
You can survive without breathing.


Message History

Natasha casts a spell at you.
You feel yourself slow down.
Natasha drinks a potion.
Natasha seems to speed up.
Natasha howls an incantation.
You feel disoriented. Natasha casts a spell at you. The magic dart hits you!
Natasha claws you!
Natasha stares at you and mumbles some strange words.
The magic dart hits you!
* * * LOW HITPOINT WARNING * * *
Casting: Ensorcelled Hibernation (safe; 8% risk of failure)
Confirm with . or Enter, or press ? or * to list all spells.
Aiming: Ensorcelled Hibernation (safe; 8% risk of failure)
Press: ? - help, Shift-Dir - straight line, f - Natasha
Aim: Natasha (fast, chance to defeat MR: 43%) Natasha resists with some effort.
Natasha claws you.
* * * LOW HITPOINT WARNING * * *
Natasha claws you.
You die...

#..... #..... #..8..
#..... #..... ##..##
##.## ##########
#######.## .......@.#
###..[>)..## .#######h#
#.....######
#.#######.####)....######
#........................
#..####.#.###.......#####
#.#.###...###.#####
#.#.....†.# #......
#.#####.#.###.##### #.#
#.#..§§.# #


You could see Natasha.

Vanquished Creatures
  Natasha (twice) (D:3)
  A hound zombie (D:3)
  A hound skeleton (D:3)
  3 adders
  An adder zombie (D:3)
  2 adder skeletons (D:3)
  A worm (D:3)
  2 dart slugs (D:1)
  4 orcs (D:3)
  8 bats
  5 goblins
  5 hobgoblins
  2 jackals (D:1)
  6 kobolds
  A ball python (D:3)
  A frilled lizard (D:1)
  A jackal skeleton (D:3)
  A leopard gecko skeleton (D:3)
  A leopard gecko zombie (D:3)
  4 rats
52 creatures vanquished.

Notes
Turn   | Place    | Note
-------+----------+-------------------------------------------
     0 | D:1      | Arixos the Vampire Enchanter began the quest for the Orb.
     0 | D:1      | Reached XP level 1. HP: 13/13 MP: 3/3
   279 | D:1      | Reached XP level 2. HP: 11/16 MP: 3/5
   382 | D:1      | Learned a level 2 spell: Ensorcelled Hibernation
  1183 | D:2      | Reached XP level 3. HP: 20/20 MP: 3/6
  1236 | D:2      | Learned a level 3 spell: Confuse
  1638 | D:3      | Reached skill level 1 in Fighting
  1879 | D:3      | Reached skill level 5 in Stealth
  1879 | D:3      | Reached skill level 5 in Hexes
  2067 | D:3      | Reached XP level 4. HP: 25/25 MP: 2/7
  2566 | D:3      | Reached skill level 1 in Ice Magic
  2806 | D:3      | Noticed Natasha
  2810 | D:3      | Killed Natasha
  3130 | D:3      | Reached XP level 5. HP: 29/29 MP: 5/8
  3347 | D:3      | Noticed Natasha
  3360 | D:3      | Killed Natasha
  3375 | D:3      | Noticed Natasha
  3383 | D:3      | Slain by Natasha

Levels and vault maps discovered:
D:1:      dpeg_arrival_simpleton_b, layout_loops_ring
D:2:      layout_loops_ring, kennysheep_crisscross
D:3:      layout_loops_ring, serial_undead, serial_undead_e, serial_undead_b,
          serial_undead_f, serial_undead_d, serial_undead_a, serial_undead_d,
          minmay_misc_feat_cross, uniq_natasha

Skill      XL: |  1  2  3  4  5 |
---------------+----------------+-----
Fighting       | 1 |  1.5
Stealth        | 5 |  5.4
Hexes          | 5 |  5.4
Short Blades   | 2 |  2.2
Ice Magic      | 1 |  1.3
Dodging        | 3 |  3.0
Spellcasting   | |  2.5

Action                   |  1- 3 |  4- 6 || total
-------------------------+-------+-------++-------
Melee: Dagger            |    68 |    91 ||   159
       Bite              |     2 |    11 ||    13
 Cast: Corona            |     3 |       ||     3
       Ensorcelled Hiber |    13 |    18 ||    31
       Confuse           |     4 |     7 ||    11
 Abil: Exsanguinate      |     1 |       ||     1
       End Transformatio |       |     1 ||     1
       Bat Form          |       |     1 ||     1
  Use: Scroll            |       |     4 ||     4
 Stab: Sleeping          |    24 |    12 ||    36
       Confused          |     1 |     1 ||     2
       Distracted        |       |     1 ||     1
Armor: Robe              |    17 |    18 ||    35
Dodge: Dodged            |    36 |    60 ||    96

Table legend:
 A = Non-vault XP
 B = Vault XP
 C = Vault XP percentage of total XP
 D = Non-vault monster count
 E = Vault monster count
 F = Vault count percentage of total count
                 A         B        C        D         E       F
            +---------+---------+-------+---------+---------+-------
      Total |     150 |      93 |  38.3 |      43 |       9 |  17.3
            +---------+---------+-------+---------+---------+-------
        D:1 |      32 |       0 |   0.0 |      16 |       0 |   0.0
        D:2 |      25 |       0 |   0.0 |       9 |       0 |   0.0
        D:3 |      93 |      93 |  50.0 |      18 |       9 |  33.3
            +---------+---------+-------+---------+---------+-------
